 Dungeon Crawl Stone Soup version 0.29-a0-1039-gfc20370e89 (webtiles) character file.

Game seed: 17543984393939532816

729 minorukun the Magician (level 8, -11/58 HPs)
             Began as a Djinni Hedge Wizard on Aug 15, 2022.
             Killed by nerve-wracking pain
             ... invoked by a shadow imp
              (13 damage)
             ... on level 4 of the Dungeon.
             The game lasted 00:39:46 (10300 turns).

minorukun the Magician (Djinni Hedge Wizard)       Turns: 10300, Time: 00:39:46

Health: -11/58     AC:  5    Str:  9    XL:     8   Next: 3%
Gold:   59         EV: 12    Int: 18    God:
                   SH:  0    Dex: 13

rFire   + + .      SeeInvis .   a - +0 dagger
rCold   x . .      Faith    .   (no shield)
rNeg    . . .      Spirit   .   r - +0 leather armour
rPois   ∞          Reflect  .   j - +1 helmet
rElec   .          Harm     .   p - scarf {shadows}
rCorr   .          Rampage  .   (no gloves)
Will    .....                   (boots unavailable)
Stlth   +.........              (no amulet)
HPRegen 0.19/turn               (no ring)
MPRegen 0.00/turn               (no ring)

@: lit by a corona, flying, glowing
A: sickness immunity, fire resistance 2, cold vulnerability 1, float, innate
caster, HP casting, extra vitality 1
a: no special abilities


You were on level 4 of the Dungeon.
You visited 1 branch of the dungeon, and saw 5 of its levels.
You also visited: Ossuary.

You collected 279 gold pieces.
You spent 220 gold pieces at shops.

Inventory:

Hand Weapons
 a - a +0 dagger (weapon)
Missiles
 c - 15 atropa-tipped darts
 e - 4 poisoned darts
 q - a throwing net
Armour
 b - a +0 robe
 j - a +1 helmet (worn)
 p - a scarf of shadows (worn)
 r - a +0 leather armour (worn)
Magical Staves
 n - a staff of poison
Jewellery
 k - an amulet of faith
Wands
 f - a wand of flame (19)
 h - a wand of quicksilver (5)
Scrolls
 i - 5 scrolls of teleportation
 s - a scroll of brand weapon {unknown}
 w - a scroll of fear
 x - a scroll of magic mapping
 y - a scroll of identify
 z - a scroll of summoning
Potions
 d - 3 potions of resistance
 g - 2 potions of haste
 l - a potion of brilliance
 m - 3 potions of lignification
 o - a potion of heal wounds
 t - a potion of curing
 u - a potion of magic {unknown}
 v - a potion of cancellation {unknown}


   Skills:
 + Level 3.7 Fighting
 + Level 3.1 Armour
 - Level 3.0 Dodging
 - Level 2.3 Stealth
 * Level 4.9 Spellcasting


You couldn't memorise any spells.
You knew the following spells:

 Your Spells              Type           Power      Damage    Failure   Level
a - Magic Dart            Conj           88%        1d7       2%          1
b - Blink                 Tloc           44%        N/A       3%          2
c - Call Imp              Summ           22%        N/A       3%          2
d - Slow                  Hex            88%        N/A       2%          1
e - Conjure Flame         Conj/Fire      22%        6-21      7%          3
f - Mephitic Cloud        Conj/Pois/Air  22%        N/A       7%          3
g - Beastly Appendage     Tmut           44%        N/A       2%          1
h - Passwall              Tmut/Erth      18%        N/A       3%          2
i - Vampiric Draining     Necr           22%        2d7       7%          3
Your spell library was empty.

Dungeon Overview and Level Annotations

Branches:
Dungeon (5/15)            Ossuary (visited)
 Temple: D:4-7

Altars:

Shops:
D:4 ?

Annotations:
D:3 Grinder, Ijyb
D:5 Dowan, Duvessa


Innate Abilities, Weirdness & Mutations

You are immune to sickness and miasma.
You are immune to poison.
Your flesh is very heat resistant. (rF++)
You are vulnerable to cold. (rC-)
You float through the air rather than walking.
You learn spells naturally, not from books.
Your magical power is your life essence.
You have superior vitality. (+4 MHP)


Message History

Pain shoots through your body!
You take 8 damage, and have 23/58 hp.
You are too injured to fight recklessly!
Casting: Magic Dart (safe; 2% risk of failure)
Confirm with . or Enter, or press ? or * to list all spells.
Aiming: Magic Dart (safe; 2% risk of failure)
Press: ? - help, Shift-Dir - straight line, f/p - shadow imp
Aim: a shadow imp (almost dead, 100% to hit)
The magic dart hits the shadow imp but does no damage.
The shadow imp is almost dead.
You take 1 damage, and have 22/58 hp.
Casting: Magic Dart (safe; 2% risk of failure)
Confirm with . or Enter, or press ? or * to list all spells.
Aiming: Magic Dart (safe; 2% risk of failure)
Press: ? - help, Shift-Dir - straight line, f/p - shadow imp
Aim: a shadow imp (almost dead, 100% to hit)
The magic dart hits the shadow imp but does no damage.
The shadow imp is almost dead.
You take 1 damage, and have 21/58 hp.
You completely miss the shadow imp.
The shadow imp is almost dead.
The shadow imp gestures at you. Pain shoots through your body!
* * * LOW HITPOINT WARNING * * *
You take 10 damage, and have 11/58 hp.
You hit the shadow imp but do no damage.
The shadow imp is almost dead.
A yak comes into view.
The shadow imp gestures at you.
You struggle to resist.
You hit the shadow imp but do no damage.
The shadow imp is almost dead.
A yak comes into view.
The shadow imp gestures at you. Pain shoots through your body!
* * * LOW HITPOINT WARNING * * *
You take 9 damage, and have 2/58 hp.
The shadow imp gestures at you. Pain shoots through your body!
You die...

#####..# #.
......!.#### #.#
#####....... #.##
#.....### #..##
#.......
##...####.).......
##..8..Y.'Y........+
#.......##.........#
#.<@∩5>.# #.......##
#.......# #.#.8####
#...## ###.# #.# #..


You could see a yak and a shadow imp.

Vanquished Creatures
  3 phantoms (D:5)
  2 water moccasin zombies (Ossuary)
  A jelly (D:5)
  A gnoll bouda (D:5)
  3 iguanas
  A mummy (Ossuary)
  Robin (D:3)
  3 gnolls
  An adder (D:4)
  An adder zombie (Ossuary)
  2 worms (D:2)
  5 dart slugs
  2 orcs
  4 endoplasms
  2 giant cockroaches
  14 goblins
  5 hobgoblins
  9 jackals
  5 quokkas
  8 ball pythons
  A bat (D:2)
  2 frilled lizards
  2 gnoll zombies (Ossuary)
  4 hobgoblin zombies (Ossuary)
  7 kobolds
  2 kobold zombies (Ossuary)
  3 orc zombies (Ossuary)
  3 rats
97 creatures vanquished.

Vanquished Creatures (collateral kills)
  A water moccasin zombie (Ossuary)
  A mummy (Ossuary)
  A gnoll (D:4)
  2 adder zombies (Ossuary)
  2 hobgoblin zombies (Ossuary)
  A kobold zombie (Ossuary)
8 creatures vanquished.

Grand Total: 105 creatures vanquished

Notes
Turn   | Place    | Note
-------+----------+-------------------------------------------
     0 | D:1      | minorukun the Djinni Hedge Wizard began the quest for the
                  | Orb.
     0 | D:1      | minorukun set off with the following spells memorised:
                  | Magic Dart, Blink, Call Imp, Slow, Conjure Flame, Mephitic
                  | Cloud.
     0 | D:1      | Reached XP level 1. HP: 15/15 MP: 0/0
   500 | D:1      | Reached XP level 2. HP: 22/22 MP: 0/0
  1579 | D:2      | Reached XP level 3. HP: 24/26 MP: 0/0
  1579 | D:2      | Learned a level 1 spell: Beastly Appendage
  1729 | D:2      | Reached skill level 1 in Fighting
  2718 | D:2      | Reached XP level 4. HP: 31/32 MP: 0/0
  2849 | D:2      | Reached skill level 3 in Spellcasting
  4278 | D:3      | Noticed Robin
  4297 | D:3      | Killed Robin
  4623 | D:3      | Reached XP level 5. HP: 28/37 MP: 0/0
  4623 | D:3      | Learned a level 2 spell: Passwall
  4771 | D:3      | Noticed Ijyb
  5212 | D:3      | Noticed Grinder
  6048 | D:4      | You are sucked into a shaft and drop 1 floor!
  6048 | D:5      | Entered Level 5 of the Dungeon
  6366 | D:5      | Noticed a phantom
  6377 | D:5      | Found a sand-covered staircase.
  6383 | D:5      | Noticed a phantom
  6387 | Ossuary  | Entered an ossuary
  7055 | Ossuary  | Reached skill level 1 in Armour
  7055 | Ossuary  | Reached XP level 6. HP: 5/44 MP: 0/0
  7754 | Ossuary  | Reached skill level 4 in Spellcasting
  8825 | D:4      | Reached XP level 7. HP: 39/49 MP: 0/0
  8825 | D:4      | Learned a level 3 spell: Vampiric Draining
 10035 | D:5      | Reached XP level 8. HP: 39/58 MP: 0/0
 10251 | D:5      | Noticed Duvessa
 10258 | D:5      | Noticed Dowan
 10272 | D:4      | Found Jorapp's Magic Scroll Shop.
 10276 | D:4      | Bought a scroll of magic mapping for 75 gold pieces
 10276 | D:4      | Bought a scroll of teleportation for 30 gold pieces
 10276 | D:4      | Bought a scroll of identify for 20 gold pieces
 10276 | D:4      | Bought a scroll of summoning for 95 gold pieces
 10298 | D:4      | Noticed a yak
 10299 | D:4      | Noticed a yak
 10299 | D:4      | HP: 2/58 [shadow imp/nerve-wracking pain (9)]
 10300 | D:4      | Killed from afar by a shadow imp

Illustrated notes

Levels and vault maps discovered:
D:1:      eino_arrival_water_cross, layout_basic, serial_curves, eino_curves_04,
          eino_curves_04, eino_curves_01, eino_curves_03
D:2:      layout_loops_corners
D:3:      layout_basic, glass_columns_a, corexii_shack, uniq_grinder,
          uniq_robin, uniq_ijyb
D:4:      layout_loops_corners, zin_treasury, serial_shops,
          nicolae_stop_n_shop_2, grunt_ministairs_13, kennysheep_generic_room_7
D:5:      layout_loops_cross, enter_ossuary_1, abandoned_shop, uniq_duvessa

Skill      XL: |  1  2  3  4  5  6  7 |
---------------+----------------------+-----
Fighting       | 1 2 3 |  3.7
Stealth        | 2 |  2.3
Spellcasting   | 3 4 |  4.9
Dodging        | 3 |  3.0
Armour         | 1 2 3 |  3.1

Action                   |  1- 3 |  4- 6 |  7- 9 || total
-------------------------+-------+-------+-------++-------
Melee: Dagger            |    31 |   170 |    16 ||   217
       Punch             |       |     2 |       ||     2
 Cast: Magic Dart        |    63 |   166 |   101 ||   330
       Slow              |     4 |    19 |     8 ||    31
       Call Imp          |     2 |    11 |     1 ||    14
       Beastly Appendage |     1 |       |       ||     1
       Blink             |       |     9 |       ||     9
  Use: Scroll            |       |    16 |     1 ||    17
       Potion            |       |     2 |       ||     2
 Stab: Sleeping          |     1 |     1 |       ||     2
       Distracted        |       |     1 |       ||     1
Armor: Robe              |     1 |     9 |       ||    10
       Leather armour    |       |    52 |    15 ||    67
       Skin              |       |     3 |       ||     3
Dodge: Dodged            |    15 |   121 |    26 ||   162

Table legend: (Time is in decaauts)
 A = Elapsed time spent in this place.
 B = Non-inter-level travel time spent in this place.
 C = Inter-level travel time spent in this place.
 D = Time resting spent in this place.
 E = Time spent auto-exploring this place.
 F = Levels seen in this place.
 G = Mean time per level.
                   A        B        C        D        E       F      G
               +--------+--------+--------+--------+--------+-----+--------+
         Total |  10292 |   9864 |    428 |   5162 |   2717 |   6 | 1715.3 |
       Dungeon |   8427 |   7999 |    428 |   3687 |   2717 |   5 | 1685.4 |
       Ossuary |   1864 |   1864 |      0 |   1475 |      0 |   1 | 1864.0 |
               +--------+--------+--------+--------+--------+-----+--------+

Top non-repeatable levels by time:
     D:2: 2050 daAuts
     D:1: 1920 daAuts
 Ossuary: 1864 daAuts
     D:5: 1649 daAuts
     D:3: 1557 daAuts
     D:4: 1250 daAuts
